 Dungeon Crawl Stone Soup version 0.17-a0-2122-g03d97ec (webtiles) character file.

1456 brucemayne the Cleaver (level 8, -16/58 HPs)
             Began as a Demonspawn Berserker on Oct 21, 2015.
             Was an Elder of Trog.
             Killed from afar by Maurice (25 damage)
             ... with a wand of lightning
             ... on level 8 of the Dungeon.
             The game lasted 00:10:45 (2231 turns).

brucemayne the Cleaver (Demonspawn Berserker)       Turns: 2231, Time: 00:10:45

Health: -16/58     AC:  6    Str: 23    XL:     8   Next: 47%
Magic:  0/8        EV: 11    Int: 15    God:    Trog [****..]
Gold:   99         SH:  0    Dex: 12    Spells: 0 memorised, 7 levels left

rFire  . . .     SeeInvis .     v - +0 war axe
rCold  . . .     Clarity  +     r - +1 ring mail
rNeg   . . .     SustAt   .     (no shield)
rPois  .         Gourm    .     (no helmet)
rElec  .         Spirit   +     (no cloak)
rCorr  .         Warding  .     (no gloves)
rMut   .         Stasis   .     (no boots)
MR     .....                    k - amulet of clarity
Stlth  +.........               (no ring)
                                E - +4 ring of strength

@: brilliant, exhausted, flying, very slightly contaminated, hasted and slowed,
not resistant to hostile enchantments, very unstealthy
A: hooves 1, powered by death 2, magic shield
a: Berserk, Trog's Hand, Brothers in Arms, Burn Spellbooks, Renounce Religion


You were on level 8 of the Dungeon.
You worshipped Trog.
Trog was greatly pleased with you.
You were hungry.

You visited 1 branch of the dungeon, and saw 8 of its levels.
You also visited: Sewer.

You collected 99 gold pieces.

Inventory:

Hand Weapons
 a - a +0 hand axe
 n - a +2 whip of freezing
 v - a +0 war axe (weapon)
 G - a +0 battleaxe
Missiles
 f - 75 stones (quivered)
 u - 12 javelins
 z - 4 tomahawks of returning
 B - 5 poisoned needles
Armour
 b - a +0 animal skin
 r - a +1 ring mail (worn)
 D - the cursed +0 leather armour of the Last Beds {rF+ Regen+ Int+2 Dex-4, unknown}
   (You found it on level 8 of the Dungeon)

   It affects your intelligence (+2).
   It affects your dexterity (-4).
   It protects you from fire.
   It increases your rate of regeneration.
   It has a curse placed upon it.
Jewellery
 k - an amulet of clarity (around neck)
 w - an uncursed amulet of resist corrosion
 E - a +4 ring of strength (left hand)
 F - an uncursed amulet of stasis
Scrolls
 d - 3 scrolls of identify
 e - a scroll of enchant armour
 h - a scroll of recharging {unknown}
 i - 2 scrolls of remove curse {unknown}
 j - a scroll of enchant weapon {unknown}
 o - a scroll of fog {unknown}
 t - 2 scrolls of teleportation {unknown}
 y - a scroll of blinking {unknown}
Potions
 l - a potion of brilliance
 m - a potion of ambrosia {unknown}
 p - 2 potions of poison {unknown}
 q - a potion of haste
 s - a potion of curing {unknown}
 x - a potion of magic {unknown}
 A - a potion of flight
 C - a potion of invisibility {unknown}
Books
 H - a book of Party Tricks

   Spells                             Type                      Level
   a - Summon Butterflies             Summoning                    1
   b - Apportation                    Translocation                1
   c - Tukima's Dance                 Hexes                        3
   d - Alistair's Intoxication        Transmutation/Poison         4
   e - Invisibility                   Hexes                        6
   Trog disapproves of the use of such an item.
Comestibles
 c - 2 bread rations
 g - 3 meat rations


   Skills:
 - Level 3.0 Fighting
 + Level 10.0 Axes
 - Level 1.7 Armour
 - Level 1.7 Dodging


You had 7 spell levels left.
You didn't know any spells.

Dungeon Overview and Level Annotations

Branches:
Dungeon (8/15)               Lair (0/8) D:8
 Temple: D:4-7

Altars:
Ashenzari
Xom

Annotations:
D:2 Ijyb, Natasha
D:7 Prince Ribbit
D:8 Maurice


Innate Abilities, Weirdness & Mutations

You have large cloven feet.
You regenerate health from kills.
When hurt, damage is shared between your health and your magic reserves.


Message History

Okay, then.
Drink which item? (? for menu, Esc to quit)
You feel yourself speed up.
You are very lightly contaminated with residual magic.
Unknown command.
The worker ant twitches its antennae in your direction.
Maurice zaps a wand.
The bolt of lightning hits you!
* * * LOW HITPOINT WARNING * * *
Drink which item? (? for menu, Esc to quit)
Okay, then.
Maurice says, "Nice gear.
Can I borrow some?"
Drink which item? (? for menu, Esc to quit)
It was a potion of brilliance.
You feel clever all of a sudden. Maurice closely misses you.
Drink which item? (? for menu, Esc to quit)
It was a potion of flight.
You feel very buoyant.
You fly up into the air.
Maurice zaps a wand.
The bolt of lightning hits you!
You die...

######### #.......#
#.......#
###########.......#
..........'.......#
####.######.......#
##.######.......#
#.....♣.........#
#.........####@##
#.........♣.###@#
.......♣♣......>a#
#..♣........).##.#
P............ #$#
.P.P.......P ..#
.......>..♣ #.#
..P........ ###


You could see Maurice and a worker ant.

Vanquished Creatures
  3 porcupines
  An ogre (D:7)
  3 crocodiles
  A giant frog (D:8)
  A scorpion (D:4)
  3 wights (D:8)
  2 jellies (D:7)
  An iguana (D:8)
  An orc priest (D:4)
  A giant frog skeleton (D:7)
  3 hounds
  A worker ant (D:6)
  2 orc wizards
  A centaur skeleton (D:8)
  2 river rats (D:8)
  13 adders
  5 oozes
  6 worms
  2 giant geckos
  15 orcs
  6 bats
  A giant cockroach (D:1)
  4 hobgoblins (D:1)
  9 jackals
  6 kobolds
  4 ball pythons
  3 giant newts
  6 goblins
  A quokka (D:7)
  4 rats
111 creatures vanquished.

Vanquished Creatures (others)
  An adder (D:5)
  2 plants (D:8)
3 creatures vanquished.

Grand Total: 114 creatures vanquished

Notes
Turn   | Place    | Note
--------------------------------------------------------------
     0 | D:1      | brucemayne the Demonspawn Berserker began the quest for the Orb.
     0 | D:1      | Reached XP level 1. HP: 18/18 MP: 1/1
   115 | D:2      | Noticed Natasha
   117 | D:2      | Noticed Ijyb
   220 | D:2      | Found a faded altar to an unknown god.
   223 | D:2      | Gained mutation: You regenerate a little health from kills. [demonic ancestry]
   223 | D:2      | Reached XP level 2. HP: 14/24 MP: 2/2
   435 | D:3      | Reached XP level 3. HP: 27/29 MP: 3/3
   476 | D:3      | Reached ** piety under Trog
   476 | D:3      | Reached skill level 4 in Axes
   636 | D:3      | Found a shimmering altar of Xom.
   660 | D:3      | Gained mutation: You have large cloven feet. [demonic ancestry]
   660 | D:3      | Reached XP level 4. HP: 35/35 MP: 4/4
   912 | D:3      | Found a glowing drain.
   925 | D:3      | Reached skill level 5 in Axes
   935 | Sewer    | Entered a sewer
   981 | Sewer    | Gained mutation: You regenerate health from kills. [demonic ancestry]
   981 | Sewer    | Reached XP level 5. HP: 35/41 MP: 5/5
  1016 | Sewer    | Reached *** piety under Trog
  1323 | D:4      | Noticed a scorpion
  1341 | D:4      | Killed a scorpion
  1341 | D:4      | Reached skill level 6 in Axes
  1407 | D:4      | Gained mutation: When hurt, damage is shared between your health and your magic reserves. [demonic ancestry]
  1407 | D:4      | Reached XP level 6. HP: 47/47 MP: 6/6
  1486 | D:5      | Entered Level 5 of the Dungeon
  1542 | D:6      | Found a shattered altar of Ashenzari.
  1611 | D:7      | Reached skill level 7 in Axes
  1632 | D:7      | Reached XP level 7. HP: 52/52 MP: 5/7
  1808 | D:8      | Noticed a yak
  1811 | D:8      | Noticed a yak
  1813 | D:8      | Noticed a yak
  1815 | D:8      | Noticed a yak
  1817 | D:8      | Noticed a yak
  1818 | D:7      | Reached skill level 8 in Axes
  1885 | D:8      | Reached **** piety under Trog
  1900 | D:8      | Reached skill level 9 in Axes
  1900 | D:8      | Reached XP level 8. HP: 58/58 MP: 6/8
  1975 | D:7      | Noticed Prince Ribbit
  2157 | D:8      | Got a shimmering leather armour
  2176 | D:8      | Found a staircase to the Lair.
  2214 | D:8      | Reached skill level 10 in Axes
  2224 | D:8      | Noticed Maurice
  2231 | D:8      | Killed from afar by Maurice

Vault maps used:
D:1:      matt_arrival_refuge
D:2:      ecumenical_altar_1, minivault_19, uniq_natasha, uniq_iyjb,
          uniq_crazy_yiuf_cottage, uniq_robin
D:3:      overflow_temple_1_default, first_bread, portal_sewer_entry_d,
          minmay_cupped
D:4:      minmay_temple_entry_hall, kennysheep_generic_room_6, uniq_grinder,
          uniq_duvessa
D:5:      fiery_altar_vehumet, nicolae_overflow_hidden_temple,
          uniq_blork_the_orc
D:6:      lemuel_slime, lemuel_zombie_altar_yredelemnul,
          evilmike_ruin_ashenzari, serial_shops, nicolae_shop_stone
D:7:      old_standard_altar, serial_shops, shop, basic_altar, uniq_pikel,
          uniq_prince_ribbit1
D:8:      minmay_lair_entry_grove, grunt_livestock, uniq_maurice
Sewer:    sewer_co_15_rooms

Action                   |  1- 3 |  4- 6 |  7- 9 || total
-------------------------+-------+-------+-------++-------
Melee: Hand axe          |   108 |   210 |       ||   318
       War axe           |       |    25 |   115 ||   140
Invok: Berserk           |     3 |     3 |     3 ||     9
       Trog's Hand       |       |     1 |     2 ||     3
  Use: Scroll            |       |     1 |     2 ||     3
       Potion            |       |       |     4 ||     4
 Stab: Sleeping          |     1 |       |       ||     1
  Eat: Chunk             |     1 |     7 |     2 ||    10
       Bread ration      |       |       |     1 ||     1
